 Dungeon Crawl Stone Soup version 0.28-a0-533-g9f97627e2a (webtiles) character file.

Game seed: 4098123309281933238

319 wkkw the Digger (level 6, 0/32 HPs)
             Began as a Gargoyle Earth Elementalist on Sept 25, 2021.
             Slain by a wight (11 damage)
             ... on level 3 of the Dungeon.
             The game lasted 00:06:38 (2345 turns).

wkkw the Digger (Gargoyle Earth Elementalist)       Turns: 2345, Time: 00:06:39

Health: 0/32       AC:  8    Str: 11    XL:     6   Next: 46%
Magic:  4/12       EV: 11    Int: 18    God:
Gold:   70         SH:  0    Dex: 10    Spells: 9/13 levels left

rFire   . . .      SeeInvis .   i - +2 dagger (drain)
rCold   . . .      Faith    .   (no shield)
rNeg    + . .      Spirit   .   b - +0 robe
rPois   ∞          Reflect  .   a - +0 helmet
rElec   +          Harm     .   (no cloak)
rCorr   .          Rampage  .   e - +0 pair of gloves
Will    .....                   (no boots)
Stlth   ++........              (no amulet)
HPRegen 0.10/turn               (no ring)
MPRegen 0.13/turn               (no ring)

@: no status effects
A: sickness immunity, AC +4, negative energy resistance 1, electricity
resistance, torment resistance 1, petrification resistance
a: no special abilities


You were on level 3 of the Dungeon.
You visited 1 branch of the dungeon, and saw 3 of its levels.

You collected 70 gold pieces.

Inventory:

Hand Weapons
 h - a +0 flail
 i - a +2 dagger of draining (weapon)
Missiles
 c - 39 stones
Armour
 a - a +0 helmet (worn)
 b - a +0 robe (worn)
 e - a +0 pair of gloves (worn)
Wands
 d - a wand of polymorph (4)
Potions
 f - a potion of invisibility
 g - a potion of curing
 j - a potion of attraction
 k - a potion of heal wounds


   Skills:
 - Level 1.5 Dodging
 - Level 2.1 Stealth
 + Level 4.0 Spellcasting
 + Level 3.1 Conjurations
 - Level 0.7 Transmutations
 + Level 5.9 Earth Magic


You had 9 spell levels left.
You knew the following spells:

 Your Spells              Type           Power      Damage    Failure   Level
a - Sandblast             Erth           48%        2d12      1%          1
b - Stone Arrow           Conj/Erth      38%        3d9       7%          3

Your spell library contained the following spells:

 Spells                   Type           Power      Damage    Failure   Level
 Passwall                 Tmut/Erth      12%        N/A       5%          2
 Petrify                  Tmut/Erth      15%        N/A       36%         4
 Call Canine Familiar     Summ           3%         N/A       41%         3
 Portal Projectile        Hex/Tloc       6%         N/A       41%         3
 Leda's Liquefaction      Hex/Erth       7%         N/A       41%         4


Dungeon Overview and Level Annotations

Branches:
Dungeon (3/15)

Altars:
Ashenzari


Innate Abilities, Weirdness & Mutations

You are immune to sickness and miasma.
Your stone body is resilient. (AC +4)
You are immune to poison.
You resist negative energy. (rN+)
You are resistant to electric shocks. (rElec)
You are resistant to unholy torment.
You are immune to petrification.


Message History

Press: ? - help, Shift-Dir - straight line, f/p - wight
Aim: a wight, wielding a +0 hand axe and wearing a +0 robe (moderately damaged, 81% to hit)
The blast of sand misses the wight.
The blast of sand hits the wight.
The wight is lightly damaged.
The wight barely misses you.
Casting: Sandblast (safe; 1% risk of failure)
Confirm with . or Enter, or press ? or * to list all spells.
Aiming: Sandblast (safe; 1% risk of failure)
Press: ? - help, Shift-Dir - straight line, f/p - wight
Aim: a wight, wielding a +0 hand axe and wearing a +0 robe (moderately damaged, 81% to hit)
The blast of sand misses the wight.
The wight hits you but does no damage. The wight misses you.
Casting: Sandblast (safe; 1% risk of failure)
Confirm with . or Enter, or press ? or * to list all spells.
Aiming: Sandblast (safe; 1% risk of failure)
Press: ? - help, Shift-Dir - straight line, f/p - wight
Aim: a wight, wielding a +0 hand axe and wearing a +0 robe (moderately damaged, 81% to hit)
The blast of sand hits the wight.
The wight is severely damaged.
The wight barely misses you. The wight hits you with a +0 hand axe!
Casting: Sandblast (safe; 1% risk of failure)
Confirm with . or Enter, or press ? or * to list all spells.
Aiming: Sandblast (safe; 1% risk of failure)
Press: ? - help, Shift-Dir - straight line, f/p - wight
Aim: a wight, wielding a +0 hand axe and wearing a +0 robe (severely damaged, 81% to hit)
The blast of sand hits the wight!
You destroy the wight!
The wight hits you with a +0 hand axe!
Your Spellcasting skill increases to level 4!
Your Conjurations skill increases to level 3!
Unknown command.
Casting: Sandblast (safe; 1% risk of failure)
Confirm with . or Enter, or press ? or * to list all spells.
Aiming: Sandblast (safe; 1% risk of failure)
Press: ? - help, Shift-Dir - straight line, f - wight
Aim: a wight, wielding a +0 hand axe and wearing a +0 robe (lightly damaged, 81% to hit)
The blast of sand hits the wight.
The wight is moderately damaged.
The wight hits you with a +0 hand axe!
You die...

#...#
#####...###
#...>.....
..?.....
...... #...#
#.z)# #..@#
#.).#
#####.###
#.......#
####.#.....#
#.......)..#
#..........#
#.##.#.....#
#.............


You could see a wight.

Vanquished Creatures
  3 wights (D:3)
  Jessica (D:2)
  Terence (D:2)
  Natasha (D:3)
  7 gnolls
  An adder (D:3)
  A dart slug (D:3)
  5 orcs (D:3)
  3 bats (D:1)
  An endoplasm (D:2)
  A giant cockroach (D:1)
  4 goblins
  2 hobgoblins
  3 kobolds (D:2)
  A quokka (D:2)
  4 ball pythons
  4 frilled lizards
  A rat (D:1)
44 creatures vanquished.

Vanquished Creatures (collateral kills)
  A worm (D:2)
1 creature vanquished.

Grand Total: 45 creatures vanquished

Notes
Turn   | Place    | Note
-------+----------+-------------------------------------------
     0 | D:1      | wkkw the Gargoyle Earth Elementalist began the quest for
                  | the Orb.
     0 | D:1      | Reached XP level 1. HP: 10/10 MP: 3/3
    68 | D:1      | Found a faded altar of an unknown god.
   350 | D:1      | Reached skill level 4 in Earth Magic
   350 | D:1      | Reached XP level 2. HP: 15/15 MP: 5/5
   538 | D:2      | Noticed Jessica
   544 | D:2      | Killed Jessica
   545 | D:2      | Reached XP level 3. HP: 19/19 MP: 2/7
   549 | D:2      | Learned a level 3 spell: Stone Arrow
   657 | D:2      | Noticed Terence
   860 | D:2      | Killed Terence
   861 | D:2      | Reached skill level 1 in Conjurations
   861 | D:2      | Reached XP level 4. HP: 10/24 MP: 4/8
  1298 | D:2      | Reached skill level 5 in Earth Magic
  1510 | D:2      | Reached XP level 5. HP: 25/28 MP: 9/9
  1780 | D:3      | Found a broken altar of Ashenzari.
  2023 | D:3      | Noticed Natasha
  2034 | D:3      | Killed Natasha
  2104 | D:3      | Reached XP level 6. HP: 32/32 MP: 6/11
  2345 | D:3      | Slain by a wight

Illustrated notes

Levels and vault maps discovered:
D:1:      amcnicky_arrival_single_pillar, layout_rooms,
          hellmonk_ecumenical_altar_lost_god
D:2:      layout_rooms, serial_curves, eino_curves_04, eino_curves_02,
          uniq_terence, uniq_jessica
D:3:      layout_loops_cross, mainiacjoe_overflow_tiny_flanked, uniq_natasha

Skill      XL: |  1  2  3  4  5  6 |
---------------+-------------------+-----
Earth Magic    | 4 5 |  5.9
Spellcasting   | 3 4 |  4.0
Conjurations   | 1 2 3 |  3.1
Dodging        | |  1.5
Stealth        | |  2.1
Transmutations | |  0.7

Action                   |  1- 3 |  4- 6 || total
-------------------------+-------+-------++-------
Melee: Long sword        |    19 |       ||    19
       Unarmed           |     4 |     8 ||    12
       Dagger            |    29 |    42 ||    71
 Cast: Sandblast         |    11 |    54 ||    65
  Use: Scroll            |     3 |     1 ||     4
 Stab: Sleeping          |       |     1 ||     1
Armor: Robe              |    23 |    16 ||    39
       Skin              |       |     2 ||     2
Dodge: Dodged            |    35 |    49 ||    84

Table legend: (Time is in decaauts)
 A = Elapsed time spent in this place.
 B = Non-inter-level travel time spent in this place.
 C = Inter-level travel time spent in this place.
 D = Time resting spent in this place.
 E = Time spent auto-exploring this place.
 F = Levels seen in this place.
 G = Mean time per level.
                   A        B        C        D        E       F      G
               +--------+--------+--------+--------+--------+-----+--------+
         Total |   2349 |   2306 |     43 |    306 |   1516 |   3 |  783.0 |
       Dungeon |   2349 |   2306 |     43 |    306 |   1516 |   3 |  783.0 |
               +--------+--------+--------+--------+--------+-----+--------+

Top non-repeatable levels by time:
     D:2: 1282 daAuts
     D:3: 607 daAuts
     D:1: 458 daAuts
